 Dungeon Crawl Stone Soup version 0.31.0-9-g3a7656b989 (webtiles) character file.

Game seed: 2018351667278496520

74 qw the Shooter (level 4, -1/22 HPs)
             Began as a Spriggan Hunter on Feb 2, 2024.
             Slain by Pargi (6 damage)
             ... on level 3 of the Dungeon.
             The game lasted 00:00:04 (1461 turns).

qw the Shooter (Spriggan Hunter)                    Turns: 1461, Time: 00:00:05

Health: -1/22      AC:  2    Str:  7    XL:     4   Next: 10%
Magic:  5/5        EV: 19    Int: 10    God:
Gold:   80         SH:  0    Dex: 20    Spells: 3/3 levels left

rFire   . . .        a - +0 shortbow
rCold   . . .        (shield currently unavailable)
rNeg    . . .        c - +0 robe
rPois   .            (helmet restricted)
rElec   .            (no cloak)
rCorr   .            (gloves unavailable)
SInv    +            (boots unavailable)
Will    .....        (no amulet)
Stlth   ++           (no ring)
HPRegen 0.23/turn    (no ring)
MPRegen 0.09/turn

%: no passive effects
@: hasted, very quick
A: very small, no large weapons, unfitting armour, see invisible, speed 3
a: no special abilities


You were on level 3 of the Dungeon.
You visited 1 branch of the dungeon, and saw 3 of its levels.

You collected 80 gold pieces.


Innate Abilities, Weirdness & Mutations

You are very small and have problems with some larger weapons.
You are too small for most types of armour.
You have supernaturally acute eyesight. (SInv)
You cover ground extremely quickly. (Speed+++)


   Skills:
 - Level 1.5 Fighting
 - Level 5.0 Ranged Weapons
 + Level 4.4 Dodging
 - Level 1.5 Stealth


You had 3 spell levels left.
You didn't know any spells.
Your spell library was empty.

Inventory:

Hand Weapons
 a - a +0 shortbow (weapon)
Armour
 c - a +0 robe (worn)
Wands
 h - a wand of flame (20)
Potions
 b - a potion of curing {unknown}
 d - a potion of heal wounds {unknown}
 e - a potion of haste
 f - a potion of attraction {unknown}

Dungeon Overview and Level Annotations

Branches:
Dungeon (3/15)

Altars:

Annotations:
D:3 Pargi


Message History

You shoot an arrow. The arrow hits Pargi!
Pargi is moderately wounded.
You shoot an arrow. The arrow completely misses Pargi.
You shoot an arrow. The arrow barely misses Pargi.
You shoot an arrow. The arrow closely misses Pargi.
You shoot an arrow. The arrow hits Pargi.
Pargi is moderately wounded.
Pargi barely misses you. Pargi claws you. Pargi misses you.
You shoot an arrow. The arrow completely misses Pargi.
Pargi bites you! Pargi barely misses you. x2
You shoot an arrow. The arrow barely misses Pargi.
Pargi misses you. Pargi closely misses you. Pargi claws you but does no damage.
You shoot an arrow. The arrow hits Pargi.
Pargi is moderately wounded.
You shoot an arrow. The arrow hits Pargi.
Pargi is moderately wounded.
Pargi clenches his teeth.
Pargi misses you. Pargi claws you. Pargi misses you.
You shoot an arrow. The arrow barely misses Pargi.
Pargi bites you but does no damage. Pargi misses you. Pargi claws you.
You shoot an arrow. The arrow hits Pargi.
Pargi is moderately wounded.
Pargi closely misses you. x2; Pargi misses you.
You shoot an arrow.
The arrow hits Pargi but does no damage.
Pargi is moderately wounded.
You shoot an arrow. The arrow barely misses Pargi.
Pargi barely misses you. Pargi completely misses you. Pargi barely misses you.
You shoot an arrow.
The arrow hits Pargi but does no damage.
Pargi is moderately wounded.
Pargi bites you. Pargi claws you. Pargi misses you.
You shoot an arrow. The arrow hits Pargi!
Pargi is heavily wounded.
You shoot an arrow. The arrow closely misses Pargi.
Pargi bites you. Pargi misses you. Pargi claws you but does no damage.
You shoot an arrow. The arrow hits Pargi.
Pargi is heavily wounded.
Pargi bites you.
You die...

### ...
###.#####
#........
#@# #T#
#.# #.#
#.# #.#
#.# #.#


You could see Pargi.

Vanquished Creatures
  2 adders (D:2)
  2 dart slugs (D:2)
  7 ball pythons
  5 endoplasms
  3 giant cockroaches
  6 goblins
  5 hobgoblins
  2 jackals (D:1)
  3 kobolds
  A quokka (D:1)
  A bat (D:1)
  2 frilled lizards
  9 rats
48 creatures vanquished.

Notes
Turn   | Place    | Note
-------+----------+-------------------------------------------
     0 | D:1      | qw the Spriggan Hunter began the quest for the Orb.
     0 | D:1      | Reached XP level 1. HP: 10/10 MP: 2/2
     0 | D:1      | 0 ||| qw: Version: 0.3-a-155-g5e7d8dd
     0 | D:1      | 0 ||| qw: Game counter: 2278
     0 | D:1      | 0 ||| qw: Melee chars always use a shield: true
     0 | D:1      | 0 ||| qw: God list: Okawaru
     0 | D:1      | 0 ||| qw: Allow faded altars: false
     0 | D:1      | 0 ||| qw: Do Orc after clearing Dungeon:15 true
     0 | D:1      | 0 ||| qw: Do second Lair branch before Depths: true
     0 | D:1      | 0 ||| qw: Lair rune preference: random
     0 | D:1      | 0 ||| qw: Goals: Normal
     0 | D:1      | 0 ||| PLANNING D:1-11
    30 | D:1      | Reached skill level 3 in Dodging
   126 | D:1      | Reached XP level 2. HP: 14/14 MP: 3/3
   394 | D:1      | Reached XP level 3. HP: 18/18 MP: 4/4
   751 | D:1      | 751 ||| DROPPING scroll of butterflies.
   908 | D:2      | HP: 4/18 [poisoned by an adder]
   982 | D:2      | Reached skill level 5 in Ranged Weapons
  1108 | D:2      | Reached XP level 4. HP: 22/22 MP: 5/5
  1429 | D:2      | 1429 ||| READING scroll labelled SUABLUS JU QOG.
  1430 | D:2      | 1430 ||| READING scroll labelled MOPHUTH UCOFF.
  1430 | D:2      | 1430 ||| ENCHANTING +0 shortbow.
  1431 | D:2      | 1431 ||| READING scroll labelled ROT AS ZOK.
  1435 | D:2      | 1435 ||| DRINKING 2 red potions.
  1443 | D:3      | Noticed Pargi
  1460 | D:3      | HP: 5/22 [Pargi (1)]
  1461 | D:3      | Slain by Pargi

Levels and vault maps discovered:
D:1:      dreamdust_arrival_beginning_and_end, layout_loops_ring
D:2:      layout_loops_cross
D:3:      due_chaos_kobolds, layout_basic, ebering_ghost_reflecting_pool,
          uniq_pargi

Skill      XL: |  1  2  3 |
---------------+----------+-----
Dodging        | 3 4 |  4.4
Ranged Weapons | 5 |  5.0
Fighting       | |  1.5
Stealth        | |  1.5

Action                     |  1- 3 |  4- 6 || total
---------------------------+-------+-------++-------
   Fire: Shortbow          |   121 |    35 ||   156
    Use: Scroll            |       |     3 ||     3
         Potion            |       |     1 ||     1
 Armour: Robe              |    14 |    11 ||    25
  Dodge: Dodged            |    62 |    19 ||    81

Table legend:
 A = Non-vault XP
 B = Vault XP
 C = Vault XP percentage of total XP
 D = Non-vault monster count
 E = Vault monster count
 F = Vault count percentage of total count
                 A         B        C        D         E       F
            +---------+---------+-------+---------+---------+-------
      Total |     107 |       0 |   0.0 |      48 |       0 |   0.0
            +---------+---------+-------+---------+---------+-------
        D:1 |      51 |       0 |   0.0 |      30 |       0 |   0.0
        D:2 |      56 |       0 |   0.0 |      18 |       0 |   0.0
            +---------+---------+-------+---------+---------+-------
